Unix NetHack Version 3.7.0-80 Work-in-progress - last build Apr 4 2023 12:38:21 (790859391a0ee7bd3181b412646ad1b7e633ff00,branch:master). Game began 2023-04-16 09:50:05, ended 2023-04-16 10:14:15. tromix, chaotic male human Ranger ----------- |..........## |.........| # -------------- |..........## |............| |...<.....|####################################-............| |.....%...-##########-.----------- |...^........| -------.---# ## |C.........C| #-....>.......| ########### |.....C.....| ###|............| #### # #####|...-.---...| # -------------- ## # #|...|.{.|...| # -----# #----- #|..C|{.{|C..| ##### |...-))######....| #|...|.{.|...| ## |...|# #|^..| #|...-----....###### |...-# #|...| #|.....C.....| # |...| #|...-# #-C.........C|### d ----- ----- #|...|# #-------------# ##@d ....| #-----##### #######......| ######## #### ...[.| ------ Tromix the Trailblazer St:16 Dx:12 Co:16 In:14 Wi:13 Ch:7 Chaotic Dlvl:8 $:469 HP:0(49) Pw:35(35) AC:2 Exp:7 T:5419 Stun Latest messages: You stop unlocking the door. The blast of frost bounces! The blast of frost hits you! This door is locked. Unlock it with your key? [ynq] (q) q You swap places with your large dog. You swap places with your large dog. You already found a monster. Use 'm' prefix to force another search. You kill the jackal! You see here a pair of mud boots. Z - a pair of mud boots. The large dog bites it. The large dog eats a jackal corpse. The blast of frost hits the large dog. The blast of frost hits you! The large dog bites it. It misses the large dog. The large dog misses it. You hear some noises. The large dog misses it. The large dog misses the winter wolf cub. You hit the winter wolf cub! The winter wolf cub bites! The large dog misses the winter wolf cub. The large dog misses the winter wolf cub. You hit the winter wolf cub! The winter wolf cub bites! The large dog bites the winter wolf cub. The winter wolf cub is killed! This door is locked. Unlock it with your key? [ynq] (q) y You succeed in unlocking the door. KABOOM!! The door was booby-trapped! You stagger... The blast of frost hits you! The blast of frost bounces! The blast of frost hits you! The blast of frost hits it. The blast of frost whizzes by you! The blast of frost bounces! The blast of frost whizzes by you! The blast of frost hits it. The blast of frost hits you! Your smoky potion freezes and shatters! You hear the howling of the CwnAnnwn... The large dog misses it. The winter wolf cub bites! You die... Do you want your possessions identified? [ynq] (y) y Do you want to see your attributes? [ynq] (y) q Inventory: Coins $ - 469 gold pieces Weapons c - 50 +2 arrows (in quiver) d - 31 +0 arrows B - a +0 elven arrow b - a +1 bow (alternate weapon; not wielded) a - a +1 dagger (weapon in hand) p - 3 +0 daggers s - a +0 elven dagger Armor M - an uncursed +0 orcish helm v - a blessed +4 pair of elven boots (being worn) H - an uncursed +0 pair of iron shoes Z - an uncursed +0 pair of water walking boots m - an uncursed +2 cloak of displacement (being worn) Comestibles Q - an uncursed carrot f - 2 uncursed cram rations w - 6 uncursed food rations Y - an uncursed lembas wafer E - 2 uncursed tripe rations T - 2 uncursed tins of broiled gray unicorn meat U - an uncursed lizard corpse Scrolls h - an uncursed scroll of charging n - an uncursed scroll of destroy armor N - an uncursed scroll of enchant weapon A - 2 uncursed scrolls of identify Spellbooks X - an uncursed spellbook of confuse monster L - an uncursed spellbook of dig F - an uncursed spellbook of identify z - an uncursed spellbook of knock Rings S - an uncursed ring of shock resistance l - an uncursed ring of slow digestion Wands V - a wand of light (0:12) K - a wand of light (0:10) D - a wand of slow monster (0:6) Tools e - a cursed skeleton key Gems/Stones C - an uncursed worthless piece of red glass y - an uncursed worthless piece of violet glass G - an uncursed worthless piece of white glass k - 2 uncursed luckstones Tromix the Ranger's attributes: Background: You were a Trailblazer, a level 7 male human Ranger. You were chaotic, on a mission for Mars who was opposed by Mercury (lawful) and Venus (neutral). You were in the Dungeons of Doom, on level 8. You entered the dungeon 5419 turns ago. You had 840 experience points, 440 more were needed to attain level 8. Basics: You had 0 out of 49 hit points. You had all 35 energy points (spell power). Your armor class was 2. Your wallet contained 469 zorkmids. Autopickup was off. Final Characteristics: Your strength was 16 (peak:18, limit:18/100). Your dexterity was 12 (limit:18). Your constitution was 16 (limit:18). Your intelligence was 14 (limit:18). Your wisdom was 13 (limit:18). Your charisma was 7 (limit:18). Final Status: You were stunned. You were not hungry. You were unencumbered. You were wielding a dagger. You were skilled in dagger and could have enhanced that. Final Attributes: You were piously aligned. You had automatic searching. You were displaced. You were stealthy. You were warded. You were lucky. You had extra luck. Bad luck did not time out for you. Good luck did not time out for you. You are dead. Miscellaneous: You disabled loading of bones levels. Total elapsed playing time was 24 minutes and 9 seconds. Major events: Turn 1: tromix the chaotic male human Ranger entered the dungeon 717: entered the Gnomish Mines 1326: attained the rank of Lookout (level 3) 2629: attained the rank of Trailblazer (level 6) 5419: killed by a winter wolf cub Vanquished creatures: a small mimic 2 winter wolf cubs 2 leprechauns a lizard a chickatrice a dingo a blue jelly a dust vortex 4 human zombies a rock piercer 2 rock moles a pony 2 yellow lights a violet fungus 2 gnomish wizards 2 dwarves 2 hill orcs 5 rothes 2 rabid rats 2 giant bats a monkey 3 orc zombies 4 dwarf zombies a werejackal an iguana 3 hobbits a hobgoblin a giant rat 3 cave spiders a red mold a gnome 2 geckos 2 jackals 2 foxes 2 kobolds 4 goblins 4 grid bugs 3 lichens 2 kobold zombies 3 newts 80 creatures vanquished. No species were genocided or became extinct. Voluntary challenges: You read items or engraved 6 times. You never engraved Elbereth. You never genocided any monsters. You never polymorphed an object. You never changed form. You used no wishes. Achievements: You entered the Gnomish Mines. You entered a shop. You attained the rank of Lookout. You attained the rank of Trailblazer. The Dungeons of Doom: levels 1 to 9 Level 1: A fountain. Level 2: Stairs down to The Gnomish Mines. Level 3: A general store. Level 4: Level 5: A general store, a sink, a grave. Level 6: Level 7: A fountain. Level 8: <- You were here. Many fountains. Oracle of Delphi. Final resting place for you, killed by a winter wolf cub. Level 9: The Gnomish Mines: Level 3: Game over: ---------- / \ / REST \ / IN \ / PEACE \ / \ | tromix | | 469 Au | | killed by a | | winter wolf cub | | | | | | 2023 | *| * * * | * _________)/\\_//(\/(/\)/\//\/|_)_______ Goodbye tromix the Ranger... You died in The Dungeons of Doom on dungeon level 8 with 4193 points, and 469 pieces of gold, after 5419 moves. You were level 7 with a maximum of 49 hit points when you died.